 Dungeon Crawl Stone Soup version 0.22.1-2-g9c5b331 (webtiles) character file.

13877 tognito the Severer (level 11, -2/82 HPs)
             Began as a Minotaur Berserker on Dec 28, 2018.
             Was a High Priest of Trog.
             Splashed by Psyche's acid (13 damage)
             ... on level 11 of the Dungeon.
             The game lasted 00:28:54 (10639 turns).

tognito the Severer (Minotaur Berserker)           Turns: 10639, Time: 00:28:56

Health: -2/82      AC: 13    Str: 28    XL:     11   Next: 81%
Magic:  10/10      EV: 14    Int:  6    God:    Trog [*****.]
Gold:   730        SH:  5    Dex: 10    Spells: 10/10 levels left

rFire    + . .     SeeInvis .   a - +0 battleaxe
rCold    . . .     Gourm    .   (shield currently unavailable)
rNeg     . . .     Faith    .   P - +2 plate armour {rPois}
rPois    +         Spirit   .   (helmet restricted)
rElec    .         Reflect  +   B - +0 cloak
rCorr    .         Harm     .   N - +1 pair of gloves
MR       .....                  w - +0 pair of boots
Stlth    ..........             l - +5 amulet of reflection
HPRegen  0.23/turn              j - +3 ring of strength
MPRegen  0.12/turn              u - +6 ring of evasion

@: corroded
A: retaliatory headbutt, horns 2, talons 1, camouflage 1, clever 1, fire
resistance 1
a: Berserk, Trog's Hand, Brothers in Arms, Renounce Religion


You were on level 11 of the Dungeon.
You worshipped Trog.
Trog was extremely pleased with you.
You were not hungry.

You visited 1 branch of the dungeon, and saw 11 of its levels.
You also visited: Ossuary.

You collected 730 gold pieces.

Inventory:

Hand Weapons
 a - a +0 battleaxe (weapon)
 b - a +2 hand crossbow of freezing
Missiles
 v - 4 silver javelins (quivered)
 A - 41 bolts
Armour
 w - a +0 pair of boots (worn)
 B - a +0 cloak (worn)
 N - a +1 pair of gloves (worn)
 P - a +2 plate armour of poison resistance (worn)
Jewellery
 j - a +3 ring of strength (left hand)
 l - a +5 amulet of reflection (around neck)
 u - a +6 ring of evasion (right hand)
 x - an uncursed ring of stealth
Wands
 t - a wand of flame (7)
 E - a wand of paralysis (21)
 H - a wand of polymorph (10)
 M - a wand of digging (17)
 O - a wand of random effects (18)
Scrolls
 d - 7 scrolls of remove curse {unknown}
 e - a scroll of fear {unknown}
 f - 3 scrolls of enchant weapon {unknown}
 g - 5 scrolls of amnesia {unknown}
 h - 4 scrolls of enchant armour {unknown}
 k - 2 scrolls of immolation {unknown}
 n - 2 scrolls of magic mapping {unknown}
 o - 2 scrolls of noise {unknown}
 q - 15 scrolls of teleportation {unknown}
 y - 9 scrolls of identify
 C - a scroll of holy word {unknown}
 F - a scroll of fog {unknown}
 L - a scroll of vulnerability {unknown}
Potions
 i - 7 potions of might
 r - 7 potions of curing
 s - a potion of brilliance
 z - 2 potions of agility
 D - 2 potions of flight
 G - a potion of heal wounds
 I - 2 potions of haste
 J - 2 potions of cancellation
 K - a potion of resistance
Comestibles
 c - 16 rations
 p - a chunk of flesh


   Skills:
 - Level 3.6 Fighting
 + Level 20.6 Axes
   Level 1.7 Bows
 - Level 2.4 Armour
 - Level 2.1 Dodging


You had 10 spell levels left.
You didn't know any spells.
Your spell library was empty.

Dungeon Overview and Level Annotations

Branches:
Dungeon (11/15)            Temple (0/1) D:5            Lair (0/6) D:11
    Orc (0/2) D:11

Altars:
Cheibriados
Elyvilon
Gozag
Kikubaaqudgha
Nemelex Xobeh
Ru
Trog
Wu Jian
Xom
Yredelemnul

Portals:
Trove: D:10 (give +4 storm dragon scales)

Annotations:
D:11 Psyche


Innate Abilities, Weirdness & Mutations

You reflexively headbutt those who attack you in melee.
You have a pair of horns on your head.
You have sharp toenails.
Your skin changes colour to match your surroundings (Stealth+).
Your mind is acute. (Int +2)
Your flesh is heat resistant. (rF+)


Message History

Psyche is lightly wounded.
Psyche zaps a wand.
The bolt of acid hits you!
You are splashed with acid!
The acid burns!
You closely miss Psyche.
Psyche is lightly wounded.
Psyche barely misses you.
You completely miss Psyche. Your headbutt misses Psyche.
Psyche is lightly wounded.
Your plate armour prevents you from hitting the troll.
Psyche zaps a wand.
The bolt of acid hits you!
You are splashed with acid!
The acid burns!
You closely miss the troll. You miss Psyche. Psyche closely misses you.
You block the troll's attack. The troll claws you but does no damage.
The troll misses you.
You slash the troll!
The troll is moderately wounded.
You hit Psyche.
Psyche zaps a wand.
The bolt of acid hits you!
* * * LOW HITPOINT WARNING * * *
You are splashed with acid!
The acid burns!
You die...

........................
.................P......
######.........P....P...
#......♣.♣......P..
#..................
#.........P.....♣..
#.....♣......P..P..
#.......P..P..P....
#@@..♣.P..♣>....P..
......T........♣
.....>...}.P.....
.....>.###.......
....... ..P.... .......
#....P. ....... .....
....... ...


You could see Psyche and a troll.

Vanquished Creatures
  A two-headed ogre (D:11)
  The ghost of TheAlmogaver the Thaumaturge, a novice GnWz of Ashenzari (D:9)
  Pikel (D:9)
  2 gargoyles
  A troll (D:9)
  A troll (shapeshifter) (D:9)
  3 hornets (D:9)
  3 hippogriffs
  A spriggan (shapeshifter) (D:9)
  2 wyverns
  3 yaks (D:11)
  A wraith (D:8)
  A steam dragon (shapeshifter) (D:9)
  A hungry ghost (D:4)
  A neqoxec (D:9)
  An acid dragon (D:11)
  A soldier ant (D:9)
  3 water moccasins
  2 porcupines (D:11)
  A porcupine (shapeshifter) (D:9)
  2 slaves (D:9)
  7 orc warriors
  2 phantoms
  5 sky beasts
  3 necrophages
  4 ice beasts
  6 ogres
  A centaur (D:6)
  2 crocodiles (D:11)
  Blork the orc (D:5)
  An elf zombie (D:8)
  A gnoll sergeant (D:9)
  5 bullfrogs
  A water moccasin zombie (D:5)
  2 scorpions
  6 killer bees (D:11)
  7 wights
  2 electric eels (D:11)
  2 crimson imps (D:7)
  2 bullfrog zombies
  A centaur zombie (D:5)
  10 hounds
  5 human zombies (D:8)
  A jelly (D:9)
  6 orc wizards
  14 orc priests
  2 bullfrog skeletons
  2 human skeletons (D:8)
  An iguana (D:8)
  3 worker ants
  Ijyb (D:5)
  A hound zombie (D:6)
  17 mummies
  2 worker ant zombies
  3 gnolls (D:9)
  12 adders
  An adder skeleton (D:5)
  4 worms
  2 dart slugs
  7 leopard geckos
  44 orcs
  7 bats
  3 bat zombies (D:2)
  5 giant cockroaches
  12 hobgoblins
  6 jackals
  7 kobolds
  7 quokkas
  2 ball pythons (D:4)
  8 frilled lizards
  3 gnoll skeletons (Ossuary)
  8 goblins
  A goblin skeleton (Ossuary)
  A jackal skeleton (D:4)
  2 kobold skeletons (Ossuary)
  A kobold zombie (D:8)
  A leopard gecko skeleton (D:7)
  2 orc skeletons (Ossuary)
  An orc zombie (D:8)
  4 rats
  11 rat skeletons (Ossuary)
  2 rat zombies (D:2)
326 creatures vanquished.

Vanquished Creatures (collateral kills)
  A very ugly thing (D:9)
  A glowing orange brain (D:9)
  4 ugly things (D:9)
  4 yaks (D:11)
  A neqoxec (D:9)
  A porcupine (D:11)
  An orc warrior (D:11)
  A crocodile (D:11)
  3 orcs (D:11)
17 creatures vanquished.

Vanquished Creatures (others)
  A goblin (D:3)
  5 fungi (D:11)
  8 plants (D:11)
14 creatures vanquished.

Grand Total: 357 creatures vanquished

Notes
Turn   | Place    | Note
-------+----------+-------------------------------------------
     0 | D:1      | tognito the Minotaur Berserker began the quest for the Orb.
     0 | D:1      | Reached XP level 1. HP: 19/19 MP: 0/0
    38 | D:1      | Reached skill level 4 in Axes
   105 | D:1      | Reached XP level 2. HP: 14/26 MP: 1/1
   777 | D:1      | Reached skill level 5 in Axes
   916 | D:2      | Reached ** piety under Trog
   916 | D:2      | Reached XP level 3. HP: 28/31 MP: 2/2
  1294 | D:2      | Found a snail-covered altar of Cheibriados.
  1395 | D:2      | Reached skill level 6 in Axes
  1395 | D:2      | Reached XP level 4. HP: 39/39 MP: 3/3
  1506 | D:2      | Found an ancient bone altar of Kikubaaqudgha.
  1889 | D:3      | Reached *** piety under Trog
  2003 | D:3      | Reached XP level 5. HP: 45/45 MP: 4/4
  2015 | D:3      | Reached skill level 7 in Axes
  2123 | D:3      | Found a bloodstained altar of Trog.
  2450 | D:4      | Noticed a phantom
  2490 | D:4      | Killed a phantom
  2490 | D:4      | Reached skill level 8 in Axes
  2504 | D:4      | Reached XP level 6. HP: 42/51 MP: 5/5
  2677 | D:4      | Noticed a hungry ghost
  2689 | D:4      | Killed a hungry ghost
  2689 | D:4      | Reached skill level 9 in Axes
  3320 | D:5      | Entered Level 5 of the Dungeon
  3380 | D:5      | Reached XP level 7. HP: 54/57 MP: 6/6
  3430 | D:5      | Found a shimmering altar of Xom.
  3468 | D:5      | Found a staircase to the Ecumenical Temple.
  3471 | D:5      | Noticed Ijyb
  3475 | D:5      | Reached skill level 10 in Axes
  3494 | D:5      | Killed Ijyb
  3819 | D:5      | Noticed Blork the orc
  3823 | D:5      | Killed Blork the orc
  3984 | D:5      | Received a gift from Trog
  4356 | D:6      | Reached skill level 11 in Axes
  4446 | D:6      | Reached XP level 8. HP: 42/64 MP: 7/7
  4634 | D:6      | Found the +3 salamander hide armour {+Rage rF++}
  4652 | D:6      | Reached skill level 12 in Axes
  4763 | D:6      | Found a bloodstained altar of Trog.
  5102 | D:7      | Reached skill level 1 in Bows
  5483 | D:7      | Reached skill level 13 in Axes
  5536 | D:7      | Noticed a hippogriff
  5543 | D:7      | Killed a hippogriff
  5543 | D:7      | Reached XP level 9. HP: 69/70 MP: 8/8
  5576 | D:7      | Found a sparkling altar of Nemelex Xobeh.
  5641 | D:7      | Reached **** piety under Trog
  5748 | D:7      | Reached skill level 14 in Axes
  5761 | D:7      | Found a sacrificial altar of Ru.
  6453 | D:8      | Reached skill level 15 in Axes
  6585 | D:8      | Found a sand-covered staircase.
  6590 | Ossuary  | Entered an ossuary
  6700 | Ossuary  | Received a gift from Trog
  6702 | Ossuary  | Reached ***** piety under Trog
  6913 | D:8      | Gained mutation: Your mind is acute. (Int +2) [potion of
                  | mutation]
  6913 | D:8      | Gained mutation: Your flesh is heat resistant. (rF+)
                  | [potion of mutation]
  6913 | D:8      | Gained mutation: Your skin changes colour to match your
                  | surroundings (Stealth+). [potion of mutation]
  6913 | D:8      | Gained mutation: You have sharp toenails. [potion of
                  | mutation]
  7183 | D:8      | Reached skill level 16 in Axes
  7330 | D:8      | Reached XP level 10. HP: 76/77 MP: 9/9
  7369 | D:8      | Found a basalt altar of Yredelemnul.
  7781 | D:9      | Reached skill level 17 in Axes
  7944 | D:9      | Found a white marble altar of Elyvilon.
  8058 | D:9      | Noticed Pikel
  8066 | D:9      | Paralysed by Pikel for 2 turns
  8073 | D:9      | Killed Pikel
  8708 | D:9      | Found a runed gate.
  8709 | D:9      | Found a runed gate.
  8709 | D:9      | Found a runed gate.
  8710 | D:9      | Noticed a purple ugly thing
  8710 | D:9      | Noticed a white ugly thing
  8711 | D:9      | Noticed a green ugly thing
  8711 | D:9      | Noticed a glowing orange brain
  8711 | D:9      | Noticed a white very ugly thing
  8711 | D:9      | Noticed a green ugly thing
  8740 | D:9      | Found an ornate altar of the Wu Jian Council.
  8746 | D:9      | Found an opulent altar of Gozag.
  8872 | D:9      | Killed a white very ugly thing
  8872 | D:9      | Reached skill level 18 in Axes
  8874 | D:9      | Killed a white ugly thing
  8875 | D:9      | Killed a green ugly thing
  8875 | D:9      | Received a gift from Trog
  8877 | D:9      | Killed a glowing orange brain
  8878 | D:9      | Killed a white ugly thing
  8878 | D:9      | Reached XP level 11. HP: 62/82 MP: 10/10
  8881 | D:9      | Killed a green ugly thing
  8887 | D:9      | Found a runed gate.
  8887 | D:9      | Found a runed gate.
  8891 | D:9      | Found a runed gate.
  8891 | D:9      | Noticed TheAlmogaver's ghost (novice GnWz)
  9107 | D:9      | Killed TheAlmogaver's ghost
  9107 | D:9      | Reached skill level 19 in Axes
  9144 | D:10     | Entered Level 10 of the Dungeon
  9244 | D:10     | Found a portal to a secret trove of treasure.
  9753 | D:11     | Noticed a two-headed ogre
  9761 | D:11     | Killed a two-headed ogre
  9862 | D:11     | Reached skill level 20 in Axes
 10538 | D:11     | Found a staircase to the Orcish Mines.
 10611 | D:11     | Found a staircase to the Lair.
 10630 | D:11     | Noticed Psyche
 10639 | D:11     | Splashed by Psyche's acid

Skill      XL: |  1  2  3  4  5  6  7  8  9 10 11 |
---------------+----------------------------------+-----
Axes           | 4 5 6 8 9 11 13 16 18 20 | 20.6
Bows           | 1 |  1.7
Fighting       | |  3.6
Armour         | |  2.4
Dodging        | |  2.1

Action                   |  1- 3 |  4- 6 |  7- 9 | 10-12 || total
-------------------------+-------+-------+-------+-------++-------
Melee: Hand axe          |    82 |   158 |       |       ||   240
       Headbutt          |    14 |    26 |    57 |    45 ||   142
       War axe           |       |    23 |   245 |       ||   268
       Battleaxe         |       |       |    28 |   265 ||   293
 Fire: Shortbow          |       |       |    48 |       ||    48
       Hand crossbow     |       |       |    43 |    99 ||   142
Throw: Javelin           |       |       |     8 |       ||     8
Invok: Trog's Hand       |       |       |     1 |     2 ||     3
       Berserk           |       |       |     1 |       ||     1
       Brothers in Arms  |       |       |       |     3 ||     3
  Use: Potion            |     3 |     5 |     7 |     1 ||    16
       Scroll            |       |       |     1 |     1 ||     2
  Eat: Chunk             |     2 |     8 |    14 |     9 ||    33
       Ration            |       |       |       |     1 ||     1
Armor: Animal skin       |     3 |       |       |       ||     3
       Ring mail         |    16 |    15 |       |       ||    31
       Chain mail        |       |    52 |    68 |    75 ||   195
       Plate armour      |       |       |       |    25 ||    25
Dodge: Dodged            |    49 |    66 |    95 |   179 ||   389
Block: Other             |       |    39 |    27 |    58 ||   124
       Reflection        |       |     4 |     2 |       ||     6
